Map: [ESL] Oceanborn

Players

Astrea - Winner!

  • Race: Protoss Protoss
  • Spawn Location: 5:00

Kelazhur

  • Race: Terran Terran
  • Spawn Location: 11:00

Event: ESL SC2 Masters 2023 Winter (Regional)

VOD

Have the link to the VOD?

Description

Time

  • Played on: Nov. 19, 2023, 3:30 p.m.
  • Length: 29:56

All games in this series

Show
View Real Time Build Order
Export as new Build Order

Astrea Protoss - Winner!

Build Orders: 1 Gate Expand, Phoenix Opening, Colossus Rush 

Get SALT Encoding   

  12  0:00  Probe  
  13  0:12  Probe  
  14  0:17  Pylon  
  14  0:24  Probe (Chrono Boost)  
  16  0:36  Gateway, Probe (Chrono Boost)  
  16  0:43  Probe (Chrono Boost)  
  16  0:45  Assimilator  
  17  0:51  Probe  
  18  1:03  Probe  
  19  1:15  Probe  
  20  1:20  Nexus  
  20  1:30  Cybernetics Core  
  20  1:33  Probe  
  20  1:38  Assimilator  
  21  1:45  Probe  
  22  1:48  Pylon  
  22  1:57  Probe (Chrono Boost)  
  23  2:06  Sentry (Chrono Boost)  
  23  2:07  Warp Gate  
  25  2:10  Shield Battery, Probe (Chrono Boost)  
  26  2:18  Probe (Chrono Boost)  
  26  2:20  Stalker (Chrono Boost)  
  29  2:24  Probe  
  29  2:29  Phoenix  
  30  2:33  Probe  
  30  2:36  Probe  
  32  2:38  Gateway  
  32  2:45  Probe (Chrono Boost)  
  32  2:50  Stalker  
  36  2:53  Probe (Chrono Boost)  
  37  2:59  Probe (Chrono Boost)  
  37  3:03  Probe x2 (Chrono Boost)  
  37  3:05  Robotics Facility  
  39  3:13  Probe  
  39  3:14  Pylon, Probe  
  41  3:25  Probe  
  41  3:26  Probe  
  42  3:30  Pylon  
  42  3:37  Probe  
  42  3:38  Probe  
  44  3:47  Nexus  
  44  3:49  Probe  
  44  3:50  Probe  
  44  3:52  Observer (Chrono Boost)  
  44  3:53  Pylon  
  47  3:55  Sentry  
  47  3:56  Adept  
  47  3:59  Assimilator  
  47  4:01  Probe  
  53  4:02  Probe  
  53  4:06  Immortal (Chrono Boost)  
  57  4:13  Probe  
  57  4:15  Probe  
  57  4:16  Assimilator  
  59  4:17  Adept  
  59  4:21  Adept  
  59  4:23  Phoenix  
  63  4:25  Probe  
  63  4:26  Pylon  
  63  4:27  Probe  
  65  4:33  Shield Battery, Observer  
  65  4:35  Pylon  
  65  4:37  Probe  
  66  4:39  Probe  
  67  4:46  Robotics Bay  
  67  4:49  Probe  
  67  4:52  Adept x2  
  72  4:56  Immortal (Chrono Boost)  
  76  5:03  Probe x2  
  78  5:08  Probe  
  78  5:12  Observer  
  79  5:15  Probe  
  79  5:16  Probe  
  79  5:17  Adept x2  
  79  5:20  Probe  
  86  5:25  Observer (Chrono Boost)  
  86  5:27  Probe  
  88  5:28  Probe  
  88  5:30  Observer  
  88  5:32  Forge, Probe  
  90  5:36  Nexus  
  90  5:39  Probe  
  90  5:41  Sentry, Probe  
  94  5:46  Colossus (Chrono Boost)  
  94  5:49  Pylon  
  100  5:51  Probe  
  101  6:00  Protoss Ground Weapons Level 1 (Chrono Boost)  
  101  6:07  Probe x3  
  101  6:08  Photon Cannon  
  101  6:09  Stalker x2  
  108  6:13  Twilight Council  
  108  6:15  Gateway  
  108  6:19  Probe  
  108  6:21  Probe  
  109  6:32  Extended Thermal Lance  
  109  6:40  Resonating Glaives  
  109  6:42  Photon Cannon  
  109  6:43  Observer  
  109  6:44  Observer  
  109  6:46  Gateway x2  
  109  6:47  Colossus (Chrono Boost), Probe x4  
  109  6:48  Pylon  
  109  6:50  Adept  
  109  6:52  Adept  
  123  6:59  Shield Battery  
  123  7:00  Probe  
  124  7:01  Assimilator  
  124  7:03  Assimilator  
  124  7:12  Gateway  
  124  7:16  Pylon  
  124  7:18  Adept x3, Pylon, Photon Cannon  
  121  7:38  Pylon x3  
  121  7:39  Pylon  
  121  7:40  Protoss Ground Weapons Level 2 (Chrono Boost)  
  121  7:41  Adept x2  
  121  7:49  Disruptor (Chrono Boost)  
  115  7:52  Adept x3  
  115  7:56  Pylon  
  115  7:57  Pylon  
  125  8:02  Robotics Facility  
  123  8:07  Adept x3  
  129  8:22  Observer  
  129  8:24  Disruptor  
  129  8:26  Adept x3  
  139  8:28  Pylon  
  139  8:29  Adept x3  
  145  8:44  Observer  
  144  8:49  Adept x6  
  144  8:51  Disruptor  
  144  8:54  Nexus  
  151  9:03  Disruptor  
  155  9:10  Pylon x2  
  149  9:20  Adept x3  
  149  9:21  Adept x3  
  153  9:30  Blink (Chrono Boost)  
  140  9:35  Pylon  
  140  9:37  Observer  
  139  9:43  Stalker x6  
  147  9:55  Probe  
  147  9:56  Probe x2  
  133  10:07  Probe  
  133  10:08  Adept x6, Probe  
  102  10:30  Probe (Chrono Boost)  
  102  10:32  Probe (Chrono Boost)  
  102  10:33  Protoss Ground Armor Level 1 (Chrono Boost)  
  100  10:36  Observer, Probe x2 (Chrono Boost)  
  100  10:42  Probe (Chrono Boost)  
  104  10:44  Probe (Chrono Boost)  
  104  10:47  Probe x2 (Chrono Boost)  
  104  10:48  Templar Archives  
  104  10:49  Observer, Probe x2 (Chrono Boost)  
  107  10:51  Probe x2 (Chrono Boost)  
  107  10:54  Disruptor x2  
  107  10:56  Probe  
  118  10:58  Probe  
  118  10:59  Observer  
  118  11:02  Probe x2  
  122  11:08  Probe  
  122  11:10  Probe  
  124  11:12  Psionic Storm  
  124  11:14  Probe x2  
  124  11:16  Observer  
  126  11:20  Probe  
  126  11:21  Sentry  
  126  11:22  Adept x5, Probe  
  140  11:26  Probe  
  140  11:30  Gateway  
  140  11:32  Gateway  
  141  11:33  Gateway  
  141  11:34  Gateway  
  141  11:41  Charge (Chrono Boost)  
  141  11:42  Assimilator  
  141  11:43  Assimilator  
  141  11:46  High Templar x2, Shield Battery  
  145  11:52  Zealot x4  
  153  12:02  Disruptor  
  157  12:14  High Templar, Forge, Stalker  
  159  12:17  Zealot x2  
  159  12:19  Zealot x2  
  159  12:20  Pylon  
  167  12:25  Nexus  
  167  12:33  Nexus  
  167  12:40  Photon Cannon  
  167  12:41  Shield Battery  
  167  12:45  Zealot x5  
  167  12:46  Zealot x2  
  167  12:48  Protoss Ground Armor Level 2 (Chrono Boost)  
  177  13:00  Stalker x3  
  179  13:18  Stalker x7  
  193  13:31  Zealot x2  
  193  13:32  Zealot  
  173  13:42  Stalker x5  
  159  14:03  Zealot x2  
  159  14:04  Zealot x3  
  165  14:11  Zealot x5  
  165  14:27  Stalker x5  
  143  14:38  Probe x4  
  145  14:42  Disruptor (Chrono Boost)  
  145  14:43  Nexus  
  145  14:45  High Templar x5  
  151  14:50  Probe x2  
  161  14:57  Observer (Chrono Boost)  
  161  14:59  Probe x2  
  163  15:09  Observer (Chrono Boost)  
  163  15:10  Archon  
  163  15:11  High Templar x2  
  168  15:14  Probe x3  
  168  15:15  Probe  
  168  15:19  Assimilator  
  168  15:20  Disruptor (Chrono Boost)  
  176  15:24  Nexus  
  176  15:25  Pylon  
  176  15:27  Disruptor (Chrono Boost)  
  176  15:29  Probe  
  176  15:30  Photon Cannon  
  176  15:32  Pylon  
  176  15:33  Shield Battery  
  181  15:39  Robotics Facility  
  181  15:41  Pylon  
  181  15:47  Zealot x8  
  197  15:59  Stalker  
  197  16:00  Stalker  
  196  16:11  Probe  
  196  16:12  Probe  
  192  16:22  High Templar x2  
  192  16:23  Zealot x3  
  200  16:28  Archon  
  200  16:31  Photon Cannon  
  200  16:33  Photon Cannon  
  200  16:35  Shield Battery  
  200  16:36  Photon Cannon  
  200  16:38  Pylon  
  200  16:41  Stargate, Protoss Ground Weapons Level 3 (Chrono Boost), Protoss Ground Armor Level 3 (Chrono Boost)  
  199  16:49  Protoss Air Weapons Level 1  
  199  16:55  Observer  
  199  17:03  Nexus  
  175  17:19  Disruptor x3  
  187  17:26  Assimilator x2  
  187  17:30  High Templar  
  187  17:31  Pylon, Photon Cannon  
  187  17:33  Pylon  
  189  17:40  Pylon  
  185  17:49  Zealot x3  
  187  17:55  High Templar  
  187  17:57  Disruptor x2  
  196  18:00  Stalker x2  
  200  18:08  Phoenix (Chrono Boost)  
  200  18:25  Zealot x9  
  166  18:41  Stalker  
  154  18:49  Observer  
  154  18:50  Observer  
  154  18:51  High Templar  
  154  18:54  Photon Cannon  
  154  18:55  Photon Cannon  
  158  18:57  Photon Cannon  
  158  18:58  Stargate  
  158  19:01  Zealot x2  
  158  19:02  Zealot x6  
  166  19:07  Zealot  
  160  19:23  Stargate, Probe x2  
  160  19:24  Probe x2  
  164  19:26  Stargate  
  162  19:38  Protoss Shields Level 1  
  157  19:44  Fleet Beacon  
  149  19:48  Stalker x10  
  149  19:50  Probe (Chrono Boost)  
  149  19:52  Probe x2 (Chrono Boost)  
  172  19:55  Photon Cannon  
  172  19:56  Photon Cannon  
  172  19:58  Shield Battery, Photon Cannon  
  168  20:00  Assimilator  
  168  20:01  Shield Battery  
  168  20:04  Assimilator  
  146  20:15  Zealot x4  
  146  20:16  Zealot x6  
  146  20:17  Probe x3  
  146  20:18  Assimilator  
  146  20:20  Assimilator  
  169  20:30  Warp Prism (Chrono Boost)  
  169  20:33  Disruptor x2 (Chrono Boost)  
  169  20:34  Observer  
  169  20:40  Tempest  
  169  20:41  Tempest  
  169  20:42  High Templar x2  
  181  20:45  High Templar  
  173  21:08  Zealot x7  
  149  21:26  Nexus  
  149  21:32  High Templar x2  
  140  21:33  High Templar  
  140  21:38  Stalker x5  
  134  22:08  Stalker x5  
  114  22:23  High Templar x2, Zealot x3  
  124  22:34  Tempest x2  
  132  23:07  Zealot x9  
  138  23:32  Tempest  
  138  23:33  High Templar  
  138  23:34  High Templar x2, Nexus  
  149  23:48  Disruptor  
  149  23:50  Observer  
  149  23:51  Stalker x3  
  152  24:14  Tempest  
  151  24:37  Tempest  
  152  24:44  Observer  
  154  24:55  Disruptor (Chrono Boost)  
  154  24:57  Tempest  
  159  25:03  Tempest  
  164  25:14  Colossus (Chrono Boost)  
  171  25:24  Observer (Chrono Boost)  
  171  25:26  Shield Battery  
  169  25:29  Photon Cannon  
  169  25:34  Tempest  
  161  25:50  Tempest  
  164  26:05  Tempest  
  161  26:25  Tempest x2  
  169  26:36  Zealot x5  
  176  27:12  High Templar  
  176  27:13  Archon, Stalker x5  
  175  27:37  Zealot x4  
  175  27:38  Zealot x2  
  182  28:02  Disruptor  
  184  28:07  Observer  
  173  28:20  Zealot x6  
  173  28:21  Zealot x2  
  181  28:32  High Templar x2  
  185  28:43  Stalker x3  
Show
View Real Time Build Order
Export as new Build Order

Kelazhur Terran 

Build Orders: Reaper Expand 

Get SALT Encoding   

  12  0:00  SCV  
  13  0:12  SCV  
  14  0:17  Supply Depot  
  14  0:24  SCV  
  15  0:38  SCV  
  15  0:41  Barracks  
  16  0:43  Refinery  
  16  0:50  SCV  
  17  1:03  SCV  
  18  1:15  SCV  
  19  1:28  Orbital Command, Reaper  
  20  1:39  Command Center  
  20  1:50  Supply Depot  
  20  1:53  SCV  
  21  2:00  Marine  
  22  2:05  Factory  
  22  2:07  SCV  
  23  2:17  Bunker  
  23  2:21  Barracks Reactor, SCV  
  24  2:33  SCV  
  25  2:38  Barracks  
  25  2:45  SCV  
  25  2:49  Factory Tech Lab  
  26  2:52  Orbital Command  
  26  2:53  Refinery  
  26  2:57  Marine x2, SCV  
  29  3:09  SCV  
  30  3:17  Marine, Siege Tank  
  30  3:18  Marine  
  30  3:19  SCV  
  36  3:21  SCV  
  36  3:27  Bunker  
  36  3:31  SCV  
  36  3:32  Barracks Tech Lab  
  36  3:33  SCV  
  38  3:38  Marine x2  
  40  3:43  Supply Depot, SCV  
  40  3:45  SCV  
  42  3:51  Stimpack, Marine  
  42  3:55  SCV  
  44  3:56  Marine x2  
  46  4:04  Supply Depot  
  46  4:05  Siege Tank, SCV  
  46  4:07  SCV  
  46  4:09  Marine  
  52  4:14  Marine x2  
  54  4:22  Starport  
  54  4:25  SCV x2  
  54  4:27  Marine  
  54  4:28  Supply Depot  
  56  4:32  Marine x2  
  56  4:37  SCV  
  59  4:38  SCV  
  59  4:40  Command Center  
  60  4:49  SCV  
  60  4:50  Siege Tank, SCV  
  65  4:54  Marine  
  65  4:55  Supply Depot  
  65  4:58  Refinery  
  68  5:01  SCV  
  68  5:03  Supply Depot  
  68  5:04  Medivac  
  69  5:07  SCV  
  69  5:14  SCV  
  69  5:19  Refinery  
  69  5:22  SCV  
  69  5:23  Marine x2  
  69  5:26  Marine, SCV  
  74  5:30  Siege Tank  
  74  5:32  Barracks x2  
  74  5:33  Barracks, Engineering Bay  
  74  5:34  SCV  
  78  5:39  SCV  
  79  5:42  Marine x2  
  79  5:46  SCV  
  79  5:47  Marauder  
  79  5:48  Starport Reactor  
  84  5:51  SCV  
  84  5:52  Supply Depot  
  84  5:53  Orbital Command  
  85  5:58  SCV  
  85  6:01  Marine x2  
  85  6:03  SCV  
  89  6:05  Siege Tank  
  89  6:09  Orbital Command, Marauder  
  94  6:11  Terran Infantry Weapons Level 1  
  94  6:12  SCV  
  94  6:13  Combat Shield  
  94  6:15  SCV  
  96  6:20  Barracks Tech Lab, Barracks Reactor  
  96  6:24  SCV  
  97  6:29  Marine x2  
  97  6:30  Marauder, Barracks Tech Lab  
  97  6:31  Medivac  
  102  6:34  SCV  
  102  6:36  SCV  
  102  6:38  Supply Depot  
  104  6:42  Marauder  
  104  6:44  Medivac  
  104  6:46  SCV  
  109  6:53  Supply Depot  
  109  6:54  Concussive Shells, Supply Depot  
  109  6:59  Marine x2, SCV x2  
  109  7:00  Marauder x2  
  117  7:01  Missile Turret  
  117  7:04  Supply Depot  
  117  7:14  Marine x2  
  117  7:15  Marauder, SCV x3  
  124  7:16  Siege Tank  
  124  7:20  Marine x2  
  124  7:21  Marauder  
  131  7:25  Marauder  
  131  7:27  SCV  
  130  7:32  Marine x2  
  130  7:36  Marauder  
  132  7:40  Marine  
  132  7:41  SCV  
  132  7:42  Marauder  
  134  7:48  Siege Tank  
  135  7:53  Marine  
  135  7:54  Marauder  
  135  7:55  Marine x2, SCV  
  141  8:05  SCV  
  141  8:09  Terran Infantry Armor Level 1  
  141  8:11  Armory, Supply Depot  
  141  8:13  Supply Depot  
  141  8:28  Refinery x2, Command Center, Supply Depot  
  141  8:30  Medivac, SCV x2, Marine x2, Supply Depot  
  141  8:31  Marauder  
  141  8:32  Medivac, Marine x3  
  141  8:33  Marauder  
  156  8:45  Ghost Academy  
  156  8:47  SCV x2  
  156  8:48  Marine, Marauder  
  161  8:50  Marine  
  161  8:54  Marine x2, Marauder  
  166  8:56  Marauder  
  158  9:03  Medivac x2  
  158  9:07  Marine  
  158  9:09  Siege Tank, SCV x2  
  171  9:10  Marauder, SCV  
  163  9:21  SCV  
  163  9:22  SCV x2  
  164  9:30  Marauder  
  165  9:34  Marine x3, SCV  
  165  9:35  Marauder  
  165  9:37  Marine  
  165  9:38  Marauder  
  174  9:42  Siege Tank  
  174  9:43  SCV  
  164  9:47  Medivac x2  
  164  9:50  Marine  
  164  9:52  Marine x2  
  158  9:54  Marine  
  158  9:56  Marauder  
  158  9:57  Marine  
  158  9:59  Marauder  
  152  10:00  SCV x2  
  150  10:08  Marine  
  150  10:10  Marine x2  
  150  10:11  Marine  
  148  10:14  Siege Tank  
  148  10:17  Marauder  
  148  10:19  Marine  
  148  10:20  Marauder  
  124  10:27  Marine, Marauder, SCV  
  124  10:28  Marine  
  107  10:29  Marine  
  107  10:34  Viking  
  106  10:39  Terran Infantry Weapons Level 2, Marauder  
  106  10:40  Marine  
  106  10:42  Viking, Marauder  
  113  10:45  Planetary Fortress  
  113  10:46  Siege Tank, SCV  
  113  10:47  SCV  
  113  10:48  Marauder, SCV  
  113  10:49  Marine x2  
  122  10:51  Marine  
  124  11:02  Marine, SCV x2  
  124  11:03  Marauder x2  
  131  11:07  Marine x2  
  131  11:10  Viking, Marauder  
  132  11:12  Viking  
  132  11:13  Marine  
  132  11:17  SCV x2  
  137  11:22  SCV x2  
  137  11:23  Ghost  
  137  11:24  Ghost  
  143  11:28  Marine x2  
  143  11:29  Marine  
  143  11:30  Ghost  
  143  11:32  SCV x2  
  150  11:34  Marine, SCV  
  152  11:41  Viking  
  152  11:42  Viking  
  152  11:46  Marine  
  157  11:47  SCV x3  
  157  11:50  Marine  
  157  11:51  Marine  
  157  11:52  Ghost x2  
  166  12:04  SCV x2  
  166  12:05  Marine x2, Marauder  
  166  12:07  Sensor Tower  
  166  12:08  Marine  
  173  12:11  Viking  
  173  12:12  Viking  
  177  12:16  Marine  
  177  12:17  Siege Tank  
  181  12:24  SCV  
  181  12:26  Barracks, Ghost  
  181  12:27  Barracks x2, Marine  
  185  12:33  Marine, Ghost x2  
  190  12:41  Viking, Marine  
  190  12:42  Refinery, Viking  
  195  13:07  Marine  
  195  13:10  Marine  
  195  13:14  Barracks Tech Lab x2, Barracks Reactor  
  195  13:15  Terran Infantry Weapons Level 3  
  195  13:16  Marine  
  196  13:28  Marine x2  
  196  13:29  Marauder x2  
  196  13:31  Viking  
  196  13:32  Marauder, Marine x2  
  196  13:35  Marauder  
  177  13:50  Marauder x3  
  177  13:53  Marauder, Marine  
  177  13:55  Marine  
  172  13:56  Marine, Marauder  
  172  14:08  Marine x3  
  160  14:10  Siege Tank  
  160  14:11  Marine  
  160  14:12  Liberator, Marauder x3  
  160  14:13  Liberator, Command Center, Marine  
  160  14:14  Marauder  
  160  14:15  Marine  
  180  14:18  Marauder  
  175  14:26  Marine  
  146  14:33  Marauder x3  
  146  14:35  Marine x4  
  146  14:36  Marine, Marauder  
  149  14:39  Marauder  
  149  14:42  Siege Tank  
  154  14:47  Marine  
  155  14:54  Marine, Marauder  
  155  14:55  Medivac, Marauder x2, Marine  
  155  14:56  Medivac  
  167  15:06  Marauder, Marine  
  167  15:07  Marine  
  171  15:17  Barracks  
  171  15:18  Starport  
  171  15:19  Barracks, Command Center, Ghost  
  173  15:28  Factory Reactor, Ghost x3  
  179  15:39  Missile Turret, Marine x2  
  179  15:40  Marine x2, Ghost  
  179  15:41  Medivac  
  179  15:42  Medivac  
  189  15:46  Fusion Core  
  189  15:49  Marauder  
  191  15:50  Marine  
  191  15:52  Terran Infantry Armor Level 2  
  191  15:54  Missile Turret  
  191  15:56  Ghost x2  
  192  15:57  Marine, Marauder  
  196  16:17  Ghost x2  
  196  16:18  Marine x7  
  184  16:21  Medivac  
  184  16:25  Marine  
  190  16:26  Planetary Fortress  
  190  16:29  Marauder  
  193  16:37  Marine  
  193  16:38  Marine x2  
  193  16:39  Marauder, Marine  
  199  16:43  Starport Reactor  
  199  16:50  Terran Ship Weapons Level 1, Advanced Ballistics  
  199  16:57  Orbital Command  
  174  17:11  Marauder  
  174  17:13  Marauder  
  174  17:15  Marine x2, Marauder x2  
  160  17:16  Widow Mine x2  
  160  17:17  Liberator x2  
  170  17:26  Marauder  
  170  17:29  Marine x4  
  175  17:37  Liberator x2  
  176  17:38  Widow Mine x2  
  184  17:45  Marauder  
  184  17:49  Marauder  
  188  17:55  Marine x7, Marauder x2  
  197  18:05  Marine  
  197  18:07  Widow Mine  
  197  18:08  Command Center  
  197  18:11  Terran Infantry Armor Level 3  
  200  18:26  Liberator  
  196  18:40  Liberator x3, Marine, Marauder x2  
  188  18:41  Marine  
  188  18:42  Marine x5, Marauder x2  
  188  18:44  Caduceus Reactor  
  188  18:45  Widow Mine  
  188  18:46  Widow Mine  
  185  18:58  Marine  
  185  19:00  Marauder  
  188  19:09  Liberator  
  195  19:10  Widow Mine x2  
  195  19:13  Marine, Marauder x2  
  199  19:19  Refinery  
  199  19:20  Refinery  
  196  19:38  Liberator  
  196  19:44  Command Center  
  199  19:53  Missile Turret  
  179  20:12  Liberator x3  
  179  20:13  Marine x3, Marauder x4  
  177  20:16  Marauder  
  172  20:23  Terran Ship Weapons Level 2  
  172  20:26  Liberator  
  172  20:30  Widow Mine x2  
  172  20:31  Marine x3  
  172  20:34  Marauder x2  
  183  20:45  Planetary Fortress  
  180  20:52  Marauder  
  171  21:06  Liberator  
  174  21:12  Marauder x2  
  174  21:15  Marine, Marauder x2  
  179  21:20  Marauder  
  179  21:24  Marine x5  
  145  21:26  Widow Mine x2  
  145  21:30  Liberator  
  146  21:33  Marine, Marauder x2  
  146  21:36  Marine  
  146  21:37  Marauder  
  151  21:41  Marine  
  151  21:42  Marine x5  
  156  21:47  Widow Mine x2  
  156  21:50  Marine  
  156  21:54  Marine, Marauder  
  161  22:00  Marauder  
  158  22:03  Marauder, Marine  
  158  22:04  Liberator, Marine, Marauder  
  158  22:08  Marine x2  
  149  22:09  Widow Mine x2  
  149  22:10  Marine x2  
  149  22:12  Marauder  
  149  22:13  SCV x5  
  149  22:15  Marine  
  151  22:22  Viking  
  151  22:23  Marine  
  151  22:24  Marauder x2, Marine  
  151  22:25  Marine  
  151  22:28  Refinery  
  156  22:33  Marine  
  156  22:34  Marine x4  
  161  22:37  Marine  
  161  22:38  Refinery x2  
  161  22:39  Widow Mine x2  
  155  23:00  Liberator x2  
  155  23:05  Marauder  
  153  23:09  Marine  
  153  23:12  Marine  
  151  23:14  Marauder  
  151  23:18  Viking, Marauder  
  151  23:19  Viking  
  154  23:21  SCV x2  
  154  23:22  SCV  
  155  23:37  Command Center, Marine, Marauder, Widow Mine x2  
  160  23:43  Marine x4  
  160  24:02  Viking x2  
  160  24:03  Viking x2  
  161  24:30  Orbital Command  
  156  24:32  Viking x2  
  156  24:33  Viking x2  
  161  24:44  Ghost  
  161  24:45  Marine x7  
  167  24:58  Ghost  
  167  24:59  Marine, Ghost  
  171  25:02  Viking x2  
  171  25:03  Marine x6  
  171  25:05  SCV x4  
  171  25:06  SCV x2  
  186  25:07  SCV  
  185  25:17  Viking x2, SCV  
  185  25:18  Orbital Command  
  185  25:19  Missile Turret  
  190  25:24  SCV x3  
  190  25:26  Missile Turret x2  
  192  25:32  Viking  
  192  25:34  Ghost x2  
  198  25:49  Medivac  
  200  25:54  Refinery, Medivac, Command Center  
  186  26:05  Ghost  
  186  26:10  Ghost  
  186  26:11  Ghost  
  182  26:14  Missile Turret  
  182  26:16  Viking  
  180  26:19  Marauder  
  180  26:24  Viking  
  180  26:25  Marauder, Marine  
  182  26:26  Marine  
  179  26:34  Viking x2  
  179  26:36  Marauder  
  179  26:38  Marine x2  
  180  26:40  Marauder  
  180  26:43  Widow Mine x2  
  184  26:50  Planetary Fortress  
  184  26:52  Marine x2, Marauder, Missile Turret  
  182  26:58  Marine  
  182  26:59  Marine x3  
  182  27:04  Viking x2  
  182  27:05  Marine x3, Marauder  
  187  27:11  Marine  
  187  27:12  Marine  
  187  27:13  Widow Mine x2  
  187  27:14  Marine  
  194  27:16  SCV x2  
  194  27:21  Viking x2  
  187  27:34  Viking x2  
  185  27:42  Marine  
  183  27:51  Viking x2  
  185  27:52  Marine  
  184  28:04  Viking x2  
  183  28:12  Ghost  
  161  28:14  Marine x8, Marauder x2  
  163  28:21  Starport x2, Medivac, Viking  
  163  28:26  Widow Mine x2  
  137  28:32  Marine x8  
  145  28:35  Marine x2  
  145  28:37  Viking x2  
  151  28:41  Marine  
  150  28:49  Ghost x2  
  150  28:53  Viking  
  153  28:57  Marine x4  
  153  29:01  Ghost  
  152  29:07  Viking  
  146  29:12  Marauder  
  146  29:13  Marine x2, Marauder  
  146  29:15  Marine x2  
  138  29:29  Marauder x2  
  138  29:30  Marine  
  138  29:31  Marine  
  142  29:33  Marine x2  
  142  29:34  Marine  
Tags
 
Add a new tag
Caveats
  • Supply blocks, unpowered buildings, or Contaminate may cause inaccurate times.
  • Supply counts are checked every 10 seconds.